 Dungeon Crawl Stone Soup version 0.19-b1-5-gdc9fa9d (webtiles) character file.

2629 Gargoyl the Schismatic (level 9, -12/68 HPs)
             Began as a Demonspawn Abyssal Knight on Nov 1, 2016.
             Was an Elder of Lugonu.
             Splashed by a gnoll sergeant's acid (16 damage)
             ... on level 7 of the Dungeon.
             The game lasted 00:18:31 (9487 turns).

Gargoyl the Schismatic (Demonspawn Abyssal Knight)  Turns: 9487, Time: 00:18:33

Health: -12/68     AC:  7    Str: 16    XL:     9   Next: 35%
Magic:  14/14      EV:  7    Int: 13    God:    Lugonu [****..]
Gold:   401        SH:  4    Dex: 15    Spells: 0 memorised, 8 levels left

rFire  + . .     SeeInvis .     A - +1 hand axe (flame)
rCold  . . .     Gourm    .     t - +0 chain mail
rNeg   . . .     Faith    .     B - +0 buckler
rPois  .         Spirit   .     j - +1 helmet (curse)
rElec  .         Reflect  .     y - +0 cloak
rCorr  .         Harm     .     h - +0 pair of gloves
MR     .....     Rnd*Rage +     n - +1 pair of boots
Stlth  ..........               D - amulet of regeneration
                                (no ring)
                                (no ring)

@: corroded
A: talons 1, molten scales 1, agile 1, berserk 1, blurry vision 1, deformed
body, demonic guardian 1, fire resistance 1, nightstalker 2, sense surroundings
1, screaming 1, evolution 1, subdued magic 1
a: Depart the Abyss, Bend Space, Banish, Corrupt, Renounce Religion


You were on level 7 of the Dungeon.
You worshipped Lugonu.
Lugonu was greatly pleased with you.
You were not hungry.

You visited 1 branch of the dungeon, and saw 7 of its levels.
You visited the Abyss 1 time.

You collected 401 gold pieces.

Inventory:

Hand Weapons
 a - a +1 hand axe
 A - a +1 hand axe of flaming (weapon)
Missiles
 g - 3 silver tomahawks (quivered)
Armour
 h - a +0 pair of gloves (worn)
 j - a cursed +1 helmet (worn)
 n - a +1 pair of boots (worn)
 t - a +0 chain mail (worn)
 y - a +0 cloak (worn)
 B - a +0 buckler (worn)
Jewellery
 D - an amulet of regeneration (around neck)
Wands
 m - a wand of enslavement (12/24)
 q - a wand of teleportation (1/9)
 x - a wand of flame (14/48)
Scrolls
 f - 2 scrolls of recharging
 k - 6 scrolls of remove curse
 r - 4 scrolls of magic mapping
 w - a scroll of teleportation
 z - a scroll of identify
Potions
 d - a potion of haste
 e - a potion of berserk rage
 l - 2 potions of flight
 o - 2 potions of might
 v - 2 potions of curing
Books
 b - a book of Maledictions

   Spells                             Type                      Level
   a - Corona                         Hexes                        1
   b - Ensorcelled Hibernation        Hexes/Ice                    2
   c - Confuse                        Hexes                        3
   d - Tukima's Dance                 Hexes                        3
   e - Dazzling Spray                 Conjuration/Hexes            3
Comestibles
 c - 2 bread rations
 p - 2 beef jerkies
 s - 2 meat rations
 u - 3 slices of pizza


   Skills:
 + Level 5.4 Fighting
 + Level 6.8 Axes
 + Level 0.1 Throwing
 * Level 6.9 Armour
 + Level 2.9 Dodging
 + Level 0.5 Shields
 * Level 6.9 Invocations


You had 8 spell levels left.
You didn't know any spells.

Dungeon Overview and Level Annotations

Branches:
Dungeon (7/15)             Temple (0/1) D:6

Altars:
Elyvilon
Fedhas
Gozag
Nemelex Xobeh
Okawaru
Qazlal
Ru
Sif Muna
Trog
Uskayaw


Innate Abilities, Weirdness & Mutations

You have sharp toenails.
You are partially covered in molten scales. (AC +2)
A weak demonic guardian rushes to your aid.
You are significantly more attuned to the shadows.
You are agile. (Dex +2)
You tend to lose your temper in combat.
Scrolls take you a little longer to read.
Armour fits poorly on your strangely shaped body.
Your flesh is heat resistant. (rF+)
You passively map a small area around you.
You occasionally shout uncontrollably at your foes.
You evolve.
Your spells are a little easier to cast, but a little less powerful.


Message History

The gnoll sergeant zaps a wand.
The bolt of acid hits you! The acid corrodes you!
You are splashed with acid!
The acid burns!
* * * LOW HITPOINT WARNING * * *
You block the gnoll's attack.
You hit the gnoll sergeant but do no damage.
The gnoll sergeant is heavily wounded.
The gnoll sergeant barely misses you.
The gnoll hits you from afar with a spear.
* * * LOW HITPOINT WARNING * * *
You hit the gnoll sergeant. You burn the gnoll sergeant.
The gnoll sergeant is severely wounded.
The gnoll barely misses you.
The gnoll sergeant hits you but does no damage.
You hit the gnoll sergeant but do no damage.
The gnoll sergeant is severely wounded.
The gnoll hits you but does no damage.
The gnoll sergeant zaps a wand.
The bolt of acid hits you!
* * * LOW HITPOINT WARNING * * *
You are splashed with acid!
The acid burns!
You die...

.[)...##......# #.#..........#
#[[##.##......# #.#..........#
..............# ##.#..........#
.#...####...#.####..#.......g.<#
......#####....##..##.......g..#
###[......###.....###....g.....#
# #.####...##.)...#######.######
# #.# ##......#/..##...g.# # #.#
#####.g.@..##g###.# ###.#
#.###g...g###.#
....#########........#..g.#
##................####.####
....#.#######.....# ##.###
###.#.....###.##..###....#
#..####..##.##>.##...#.#
####.#####....#......(##.#
............#.#.#..##.##.#


You could see a gnoll sergeant and 2 gnolls.

Vanquished Creatures
  Pikel (D:5)
  Grinder (D:3)
  2 hungry ghosts (D:7)
  An orc warrior (D:6)
  A phantom (D:6)
  A sky beast (D:6)
  An ice beast (D:7)
  An ogre (D:6)
  A centaur (D:6)
  A bullfrog (D:7)
  A gnoll sergeant (D:6)
  A scorpion (D:5)
  3 crimson imps
  A bullfrog zombie (D:5)
  2 centaur skeletons (D:7)
  2 bullfrog skeletons
  A gnoll shaman (D:5)
  A hound (D:7)
  5 jellies
  3 orc wizards
  9 worker ants
  12 gnolls
  8 adders
  2 oozes (D:4)
  An adder zombie (D:6)
  3 dart slugs
  3 worms
  5 leopard geckos
  21 orcs
  4 giant cockroaches
  5 goblins
  10 hobgoblins
  6 jackals
  8 kobolds
  A quokka (D:5)
  5 ball pythons
  3 bats
  A frilled lizard (D:2)
  A jackal zombie (D:5)
  9 rats
148 creatures vanquished.

Vanquished Creatures (collateral kills)
  A slave (D:5)
  An ice beast (D:7)
  2 eyes of draining (D:6)
  An ogre (D:7)
  2 bullfrogs
  An orc wizard (D:7)
  An ooze (D:7)
  3 orcs (D:4)
  A frilled lizard (D:5)
  A rat (D:3)
14 creatures vanquished.

Vanquished Creatures (others)
  2 orcs (D:5)
2 creatures vanquished.

Grand Total: 164 creatures vanquished

Notes
Turn   | Place    | Note
-------+----------+-------------------------------------------
     0 | Abyss:1  | Gargoyl the Demonspawn Abyssal Knight began the quest for the Orb.
     0 | Abyss:1  | Reached XP level 1. HP: 18/18 MP: 2/2
   108 | Abyss:2  | Found a corrupted altar of Lugonu.
   108 | Abyss:2  | Noticed a large abomination
   130 | D:1      | Escaped the Abyss
   408 | D:1      | Gained mutation: You are partially covered in molten scales. (AC +2) [demonic ancestry]
   408 | D:1      | Reached XP level 2. HP: 20/24 MP: 3/3
   548 | D:1      | Reached * piety under Lugonu
   705 | D:1      | Reached skill level 1 in Dodging
   930 | D:2      | Gained mutation: You have sharp toenails. [demonic ancestry]
   930 | D:2      | Reached XP level 3. HP: 29/29 MP: 5/5
  1556 | D:2      | Found a deep blue altar of Sif Muna.
  1559 | D:2      | Found a hide-covered altar of Uskayaw.
  1882 | D:3      | Reached ** piety under Lugonu
  1908 | D:3      | Noticed Grinder
  1913 | D:3      | Paralysed by Grinder for 7 turns
  1922 | D:3      | Gained mutation: Your flesh is heat resistant. (rF+) [potion of mutation]
  1922 | D:3      | Gained mutation: You are agile. (Dex +2) [potion of mutation]
  1922 | D:3      | Gained mutation: Your body sometimes deteriorates upon taking damage. [potion of mutation]
  1934 | D:3      | Paralysed by Grinder for 3 turns
  1941 | D:3      | Paralysed by Grinder for 2 turns
  1949 | D:3      | Killed Grinder
  1949 | D:3      | Gained mutation: A weak demonic guardian rushes to your aid. [demonic ancestry]
  1949 | D:3      | Reached XP level 4. HP: 31/37 MP: 6/6
  1949 | D:3      | Reached XP level 5. HP: 35/42 MP: 7/7
  2278 | D:3      | Gained mutation: Your mind is acute. (Int +2) [potion of mutation]
  2278 | D:3      | Lost mutation: Your mind is acute. (Int +2) [potion of mutation]
  2278 | D:3      | Gained mutation: You evolve. [potion of mutation]
  2475 | D:3      | Reached XP level 6. HP: 41/48 MP: 7/9
  2950 | D:4      | Found a stormy altar of Qazlal.
  2953 | D:4      | Found a blossoming altar of Fedhas.
  3707 | D:4      | Found a sparkling altar of Nemelex Xobeh.
  4367 | D:4      | Gained mutation: You are slightly more attuned to the shadows. [demonic ancestry]
  4367 | D:4      | Reached XP level 7. HP: 54/54 MP: 10/10
  4406 | D:5      | Entered Level 5 of the Dungeon
  4512 | D:5      | Noticed Pikel
  4575 | D:5      | Gained mutation: You passively map a small area around you. [evolution]
  4588 | D:5      | Killed Pikel
  4588 | D:5      | Reached skill level 5 in Invocations
  5035 | D:5      | Found a white marble altar of Elyvilon.
  5245 | D:5      | Reached skill level 5 in Armour
  5245 | D:5      | Reached XP level 8. HP: 59/61 MP: 12/12
  5391 | D:5      | Reached skill level 5 in Axes
  5656 | D:5      | You fall through a shaft for 2 floors!
  5744 | D:7      | Reached *** piety under Lugonu
  6258 | D:7      | HP: 1/61 [acid (11)]
  6558 | D:6      | Lost mutation: Your body sometimes deteriorates upon taking damage. [evolution]
  6609 | D:6      | Found a staircase to the Ecumenical Temple.
  7144 | D:5      | Reached skill level 5 in Fighting
  7615 | D:6      | Found an iron altar of Okawaru.
  8075 | D:6      | Gained mutation: You are significantly more attuned to the shadows. [demonic ancestry]
  8075 | D:6      | Reached XP level 9. HP: 55/68 MP: 13/13
  8231 | D:6      | Found a bloodstained altar of Trog.
  8334 | D:6      | Gained mutation: You occasionally shout uncontrollably at your foes. [mutagenic meat]
  8335 | D:6      | Gained mutation: Your spells are a little easier to cast, but a little less powerful. [mutagenic meat]
  8336 | D:6      | Gained mutation: Scrolls take you a little longer to read. [mutagenic meat]
  8338 | D:6      | Gained mutation: You tend to lose your temper in combat. [mutagenic meat]
  8339 | D:6      | Gained mutation: Armour fits poorly on your strangely shaped body. [mutagenic meat]
  9040 | D:7      | Found a sacrificial altar of Ru.
  9185 | D:7      | Found an opulent altar of Gozag.
  9452 | D:7      | Reached **** piety under Lugonu
  9487 | D:7      | Splashed by a gnoll sergeant's acid

Skill      XL: |  1  2  3  4  5  6  7  8 |
---------------+-------------------------+-----
Axes           | 2 3 4 6 |  6.8
Armour         | 2 3 5 6 |  6.9
Dodging        | 1 2 |  2.9
Invocations    | 3 4 5 6 |  6.9
Fighting       | 4 5 |  5.4
Throwing       | |  0.1
Shields        | |  0.5

Action                   |  1- 3 |  4- 6 |  7- 9 || total
-------------------------+-------+-------+-------++-------
Melee: Hand axe          |   166 |   172 |   493 ||   831
Throw: Tomahawk          |       |       |     2 ||     2
Invok: Depart the Abyss  |     1 |       |       ||     1
Evoke: Wand              |       |       |     1 ||     1
  Use: Potion            |     7 |     1 |     3 ||    11
       Scroll            |       |     7 |     8 ||    15
 Stab: Distracted        |       |       |     1 ||     1
  Eat: Chunk             |     3 |     7 |    17 ||    27
       Bread ration      |       |       |     3 ||     3
       Meat ration       |       |       |     1 ||     1
Armor: Leather armour    |    55 |       |       ||    55
       Ring mail         |    33 |    90 |    13 ||   136
       Chain mail        |       |       |   286 ||   286
Dodge: Dodged            |   116 |    84 |   180 ||   380
Block: Buckler           |       |       |    16 ||    16
